[Event "Late-Titled-Tuesday-Blitz-June-18-2024"]
[Site "Chess.com"]
[Date "2024.06.18"]
[Round "10"]
[White "King_Deded4d5"]
[Black "subham777"]
[Result "0-1"]
[WhiteElo "2504"]
[BlackElo "2626"]
[TimeControl "180+1"]
[EndTime "15:55:59 PDT"]
[Termination "subham777 won by resignation"]

1. d4 d5 2. Nf3 Nf6 3. c3 e6 4.
Bf4 Bd6 5. e3 Ne4 6. Nbd2 O-O 7.
Bd3 f5 8. Ne5 Nd7 9. Ndf3 Ndf6 10. O-O Bd7 11. Ne1 g5 12. Nxd7 Qxd7 13. Bxd6 Nxd6 14.
Nf3 Nf7 15. c4 c6 16. Ne5 Nxe5 17. dxe5 Ng4 18. Be2 Nxe5 19. Qd4 Ng6 20. Rfd1 Rad8 21. Qxa7 f4 22. cxd5 exd5 23. e4 Qe7 24. exd5 Qxe2 25.
Qxb7 cxd5 26. Rxd5 Rb8 27. Qa7 Qxb2 28. Rad1 Rf7 29.
Qa6 Qb6 30. Qd3 Qf6 31. a4 Re8 32. a5 Rfe7 33. h3 f3 34. Rf5 Re1+ 35. Rxe1 Rxe1+ 36. Kh2 fxg2 37. Qd5+ Kg7 38. Qd7+ Kh6 39. Kxg2 Nh4+ 0-1

[Event "Late-Titled-Tuesday-Blitz-June-18-2024"]
[Site "Chess.com"]
[Date "2024.06.18"]
[Round "10"]
[White "LUISMIGUELOV"]
[Black "sammartin99"]
[Result "0-1"]
[WhiteElo "2218"]
[BlackElo "2382"]
[TimeControl "180+1"]
[EndTime "15:56:00 PDT"]
[Termination "sammartin99 won on time"]

1. e4 c5 2. Nf3 Nc6 3. d4 cxd4 4. Nxd4 Nf6 5. Nc3 e5 6. Nde2 Bc5 7. f3 Qb6 8. Ng3 d5 9. exd5 Ne7 10. Bb5+ Kf8 11.
Bg5 Bd4 12. Bxf6 gxf6 13. Qd3 Bf2+ 14. Kf1 Bd4 15. Nge4 Bf5 16. d6 Ng6 17. Nd5 Qa5 18. Ndxf6 Nf4 19. Qb3 Kg7 20. Bd3 Be6 21. Bc4 Rhf8 22. g3 Bxc4+ 23. Qxc4 Ne6 24. d7 Rad8 25. c3 Bb6 26. Qe2 Qa4 27. b3 Qc6 28. c4 Rxd7 29. Nxd7 Qxd7 30. Rd1 Qc6 31. Kg2 f5 32. Nc3 Bc7 33.
Nd5 Bb8 34. h4 Nd4 35. Qe3 Qg6 0-1

[Event "Late-Titled-Tuesday-Blitz-June-18-2024"]
[Site "Chess.com"]
[Date "2024.06.18"]
[Round "10"]
[White "Maus7"]
[Black "nindjaxx8"]
[Result "1-0"]
[WhiteElo "2644"]
[BlackElo "2724"]
[TimeControl "180+1"]
[EndTime "15:56:02 PDT"]
[Termination "Maus7 won on time"]

1. e4 e6 2. d4 d5 3. e5 c5 4. c3 Nc6 5. Nf3 Qb6 6. Bd3 cxd4 7. O-O Nge7 8. Re1 Ng6 9. h4 Be7 10. h5 Nh4 11. Nxd4 Nxd4 12. cxd4 Bd7 13. Qg4 O-O-O 14. Nc3 Kb8 15. g3 Qxd4 16. Qxd4 Nf3+ 17. Kg2 Nxd4 18. f4 g6 19. Be3 Nf5 20. Bf2 gxh5 21. Rh1 h4 22. g4 Rhg8 23. Kf3 d4 24. Ne4 Ne3 25.
Bxh4 Bxh4 26. Rxh4 Bc6 27. g5 Nd5 28. a3 Ne7 29. Rxh7 Nf5 30. Rah1 Rd7 31. R1h2 a6 32.
Kf2 Ne3 33. Nf6 Rdd8 34. Nxg8 Ng4+ 35. Kg3 Nxh2 36. Kxh2 Rxg8 37. Rxf7 Rd8 38. g6 Bb5 39. Bxb5 axb5 40. g7 d3 41. Rf8 Kc7 42. Rxd8 Kxd8 43. g8=Q+ 1-0

[Event "Late-Titled-Tuesday-Blitz-June-18-2024"]
[Site "Chess.com"]
[Date "2024.06.18"]
[Round "10"]
[White "DeArron_Fox"]
[Black "kalinchick"]
[Result "1-0"]
[WhiteElo "2465"]
[BlackElo "2369"]
[TimeControl "180+1"]
[EndTime "15:56:02 PDT"]
[Termination "DeArron_Fox won by checkmate"]

1. d4 Nf6 2. c4 e6 3. Nf3 d5 4. Nc3 Be7 5. Bf4 Nbd7 6. e3 O-O 7. c5 Nh5 8. h3 Nxf4 9. exf4 c6 10. Bd3 b6 11. b4 a5 12. a3 bxc5 13. bxc5 Ba6 14.
O-O Bxd3 15. Qxd3 Qc7 16. Ne5 Rfb8 17. Rfb1 Nf8 18. g3 f6 19. Nf3 Kf7 20. h4 g6 21.
Kg2 h5 22. Rxb8 Rxb8 23. Rb1 Rxb1 24. Qxb1 Nd7 25. Na4 Qb8 26. Qxb8 Nxb8 27. Nb6 Bd8 28. Nd2 Ke7 29. Nb3 Na6 30. Nxa5 Bxb6 31. cxb6 Kd6 32. Nb7+ Ke7 33. Nc5 Nxc5 34. dxc5 Kd8 35. a4 Kc8 36. a5 Kb7 37. f3 e5 38. fxe5 fxe5 39. g4 Ka6 40. Kf2 Kb7 41. Ke3 Ka6 42. Kd3 Kb7 43.
Kc3 Ka6 44. Kd2 Kb7 45. Ke3 Ka6 46. f4 exf4+ 47. Kxf4 Kb7 48. g5 Ka6 49. Ke5 Kb7 50.
Kd4 Ka6 51. Kd3 Kb7 52. Ke3 Ka6 53. Kd4 Kb7 54. Ke5 Ka6 55. Kd6 Kb7 56. a6+ Kxa6 57. Kxc6 d4 58. b7 d3 59. b8=Q d2 60. Qa8# 1-0

[Event "Late-Titled-Tuesday-Blitz-June-18-2024"]
[Site "Chess.com"]
[Date "2024.06.18"]
[Round "10"]
[White "nihalsarin"]
[Black "Msb2"]
[Result "1-0"]
[WhiteElo "3198"]
[BlackElo "3075"]
[TimeControl "180+1"]
[EndTime "15:56:03 PDT"]
[Termination "nihalsarin won on time"]

1. d4 d5 2. Nf3 e6 3. c4 Nf6 4. Qc2 dxc4 5. Qxc4 a6 6. Bf4 Bd6 7. Bg3 b5 8. Qc2 Bb7 9. Nbd2 Nc6 10. e3 O-O 11. a3 Rc8 12. Bd3 h6 13. Ne4 Ne7 14. Nxf6+ gxf6 15. O-O c5 16. dxc5 Rxc5 17. Qe2 Bxf3 18. gxf3 Qc7 19. a4 Rd8 20. axb5 axb5 21.
Rfd1 Bxg3 22. hxg3 Kg7 23. Kg2 b4 24. Rd2 Rcd5 25.
Rdd1 Qd6 26. Bc2 Rd2 27. Qc4 Qe5 28. Qxb4 Rxd1 29. Rxd1 Rb8 30. Qxe7 Qxb2 31. Rd7 Rf8 32. Rc7 Qe5 33. Rc4 h5 34. Rc5 Qb2 35. Qd6 1-0

[Event "Late-Titled-Tuesday-Blitz-June-18-2024"]
[Site "Chess.com"]
[Date "2024.06.18"]
[Round "10"]
[White "Individoom"]
[Black "Abund"]
[Result "0-1"]
[WhiteElo "2784"]
[BlackElo "2692"]
[TimeControl "180+1"]
[EndTime "15:56:04 PDT"]
[Termination "Abund won on time"]

1. d4 d5 2. Nf3 Nf6 3. Bf4 e6 4.
e3 Bd6 5. Bg3 O-O 6. Nbd2 c5 7. c3 Qc7 8. dxc5 Qxc5 9. Bd3 Bxg3 10.
hxg3 h6 11. Ne5 Nc6 12. Ng4 Nxg4 13. Qxg4 e5 14. Qh5 f5 15. O-O-O Be6 16. g4 e4 17. Bc2 fxg4 18. Nxe4 Qe7 19. Rxd5 Bxd5 20. Qxd5+ Kh8 21.
Nd6 Rxf2 22. Qd3 Rxc2+ 23. Kxc2 Ne5 24. Qd5 Rf8 25. Rd1 b6 26. Kb1 g3 27. Qe4 Qg5 28. Rd5 Qh5 29. Qxe5 Qh1+ 30. Kc2 Qxg2+ 31. Kb3 Qf3 32.
Ne8 Qf7 33. Nd6 Qg8 34. c4 g2 35. Rd1 Rf1 0-1

[Event "Late-Titled-Tuesday-Blitz-June-18-2024"]
[Site "Chess.com"]
[Date "2024.06.18"]
[Round "10"]
[White "talaicito"]
[Black "Laico"]
[Result "1-0"]
[WhiteElo "2335"]
[BlackElo "2433"]
[TimeControl "180+1"]
[EndTime "15:56:04 PDT"]
[Termination "talaicito won on time"]

1. d4 e6 2. e4 d5 3. e5 c5 4. c3 Nc6 5. Nf3 Bd7 6. Bd3 Qb6 7. O-O cxd4 8. cxd4 Nxd4 9. Nbd2 Nxf3+ 10. Nxf3 Bc5 11. a3 a5 12. Rb1 a4 13. Ng5 Ne7 14.
Qh5 Ng6 15. Bxg6 fxg6 16. Qf3 Rf8 17. Qg3 h6 18. Nh7 Rf7 19. b4 Bd4 20. Qxg6 Bb5 21. Rd1 Bxe5 22. Be3 d4 23. Bxh6 gxh6 24. Re1 Bxh2+ 25.
Kh1 Ke7 26. Kxh2 Rh8 27. Re5 Rhxh7 28. Rbe1 Bc4 29. Qg4 Qd6 30. Kg1 b5 31. Rc5 d3 32.
Rc8 Rhg7 33. Qh4+ Rf6 34. Ra8 Kf7 35. Qh5+ Rfg6 36. Ra7+ Kf6 37. Qh4+ Rg5 38. Qxh6+ R7g6 39. Qh8+ Kf5 40. Rf7+ 1-0

[Event "Late-Titled-Tuesday-Blitz-June-18-2024"]
[Site "Chess.com"]
[Date "2024.06.18"]
[Round "10"]
[White "JanistanTV"]
[Black "bob1263"]
[Result "1/2-1/2"]
[WhiteElo "2737"]
[BlackElo "2529"]
[TimeControl "180+1"]
[EndTime "15:56:06 PDT"]
[Termination "Game drawn by repetition"]

1. d4 Nf6 2. c4 c5 3. Nf3 cxd4 4. Nxd4 b6 5. Nc3 Bb7 6. f3 a6 7. e4 d6 8. Be3 e6 9. Be2 Qc7 10. O-O Be7 11. Qd2 Nbd7 12. a4 O-O 13. a5 bxa5 14.
Nb3 Rac8 15. Nxa5 Ba8 16. Rfc1 Rfe8 17. Na4 Qb8 18. Rc3 d5 19. Rb3 Qc7 20. Nb6 Nxb6 21. Bxb6 Bc5+ 22. Bxc5 Qxc5+ 23. Qe3 Qxe3+ 24. Rxe3 dxe4 25. f4 e5 26. f5 g6 27. Rf1 Kg7 28. b4 Rb8 29.
Rb3 Red8 30. c5 Rd4 31. Bxa6 Rdxb4 32. Rxb4 Rxb4 33. c6 Bxc6 34. Nxc6 Rb6 35. Nxe5 Rxa6 36. Nc4 Rc6 37. Ne3 Rc5 38. g4 h6 39. Kf2 Nd5 40. fxg6 fxg6 41. Nxd5 Rxd5 42. Ke3 Rd3+ 43. Kxe4 Rd2 44.
h3 Re2+ 45. Kf3 Re7 46. Kg3 Rf7 47. Rxf7+ Kxf7 48. Kf4 Kf6 49. h4 g5+ 50. hxg5+ hxg5+ 51. Ke4 Ke6 52. Kd4 Kd6 53. Ke4 Ke6 54. Kd4 Kd6 55. Ke4 Ke6 1/2-1/2

[Event "Late-Titled-Tuesday-Blitz-June-18-2024"]
[Site "Chess.com"]
[Date "2024.06.18"]
[Round "10"]
[White "Flawless_Fighter"]
[Black "MaestroCheck"]
[Result "1/2-1/2"]
[WhiteElo "2786"]
[BlackElo "2629"]
[TimeControl "180+1"]
[EndTime "15:56:07 PDT"]
[Termination "Game drawn by repetition"]

1. e4 c5 2. Nf3 e6 3. c3 Nf6 4. e5 Nd5 5. d4 cxd4 6. cxd4 d6 7. Bc4 Be7 8. O-O O-O 9. Qe2 b6 10. Rd1 Bb7 11. Bxd5 exd5 12. Nc3 Nd7 13. Bf4 dxe5 14. dxe5 Nc5 15. Bg3 Rc8 16. Nd4 Qd7 17. Rd2 Ne4 18.
Nxe4 dxe4 19. Rad1 Bb4 20. Rc2 Rfd8 21. Rxc8 Bxc8 22. Bh4 Be7 23. Bxe7 Qxe7 24. Nc6 Rxd1+ 25. Qxd1 Qe8 26. Qd6 Be6 27. b3 Qa8 28. h3 h6 29.
Qc7 Bd5 30. Nxa7 e3 31. fxe3 Bb7 32. Qxb6 Bxg2 33. Nc8 Bxh3 34. Ne7+ Kh7 35. Qc6 Qxa2 36. Qe4+ g6 37. b4 Qb2 38. Nd5 Bf5 39. Nf6+ Kg7 40.
Qd4 Qc1+ 41. Kf2 Qc2+ 42. Kg3 Qe2 43. e6 Qe1+ 44. Kg2 Qe2+ 45. Kg3 Qe1+ 46. Kg2 Qe2+ 47.
Kg3 1/2-1/2

[Event "Late-Titled-Tuesday-Blitz-June-18-2024"]
[Site "Chess.com"]
[Date "2024.06.18"]
[Round "10"]
[White "dennisodessa"]
[Black "mostafa_sakha"]
[Result "1-0"]
[WhiteElo "2632"]
[BlackElo "2453"]
[TimeControl "180+1"]
[EndTime "15:56:07 PDT"]
[Termination "dennisodessa won by resignation"]

1. d4 Nf6 2. c4 e6 3. Nc3 Bb4 4.
Qc2 O-O 5. a3 Bxc3+ 6. Qxc3 d5 7.
Bg5 c5 8. dxc5 d4 9. Qc2 e5 10. e3 h6 11. Bh4 dxe3 12. fxe3 Nbd7 13. b4 a5 14. Rd1 axb4 15. axb4 Qe7 16. Qb2 g5 17.
Bf2 Ne4 18. Nf3 Nxf2 19. Kxf2 e4 20. Nd4 Ne5 21. Be2 f5 22. Rhf1 f4 23. Kg1 Bg4 24. h3 Bxe2 25. Qxe2 f3 26. gxf3 exf3 27. Nxf3 Ra2 28.
Qxa2 Nxf3+ 29. Kh1 Qxe3 30. Qg2 Rf4 31. Rd8+ Kg7 32.
Qb2+ Kg6 33. Rd6+ Kh5 34. Qg7 Kh4 35. Rxh6+ Kg3 36. Rh5 Rh4 37. Rxh4 Nxh4 38. Qc7+ Kxh3 39. Qh2+ Kg4 40. Qg1+ Qxg1+ 41. Rxg1+ Kf4 42. b5 Nf3 43. c6 bxc6 44. bxc6 Nxg1 45. Kxg1 1-0

[Event "Late-Titled-Tuesday-Blitz-June-18-2024"]
[Site "Chess.com"]
[Date "2024.06.18"]
[Round "10"]
[White "CFalcons8"]
[Black "RebecaJimnz"]
[Result "1-0"]
[WhiteElo "2438"]
[BlackElo "2287"]
[TimeControl "180+1"]
[EndTime "15:56:08 PDT"]
[Termination "CFalcons8 won by resignation"]

1. e4 c5 2. Nf3 Nc6 3. d4 cxd4 4. Nxd4 g6 5. c4 Nf6 6. Nc3 d6 7. Be2 Nxd4 8. Qxd4 Bg7 9. Qd3 O-O 10. h3 Be6 11.
Be3 Qa5 12. O-O Rfc8 13. b3 a6 14. Rac1 b5 15. cxb5 axb5 16. Qxb5 Ng4 17. Bxg4 Bxg4 18. Qxa5 Rxa5 19. Nd5 Rxc1 20. Rxc1 Be6 21. Nxe7+ Kf8 22. Nc8 Rxa2 23. Nxd6 Bxb3 24. Bc5 Kg8 25. Rb1 Ra1 26.
Rxa1 Bxa1 27. f4 Kg7 28. Kf2 h5 29. Ke3 h4 30. Bd4+ Bxd4+ 31. Kxd4 Bd1 32. Nc4 Be2 33. Ne3 Kf6 34. e5+ Ke6 35. Ke4 Ba6 36. Kf3 f6 37. exf6 Kxf6 38. Kg4 Bb7 39. Kxh4 Bc6 40. g4 Bb7 41.
Kg3 Bc6 42. h4 Bb7 43. g5+ Kg7 44. f5 gxf5 45. Nxf5+ Kg6 46. Kg4 Bc8 47. h5+ Kh7 48.
g6+ Kg8 49. Kg5 Kh8 50. Kf6 Bd7 51. Ne7 Bb5 52. g7+ Kh7 53. g8=Q+ 1-0

[Event "Late-Titled-Tuesday-Blitz-June-18-2024"]
[Site "Chess.com"]
[Date "2024.06.18"]
[Round "10"]
[White "protectiago"]
[Black "Gyulamiryan-koryun"]
[Result "1-0"]
[WhiteElo "2141"]
[BlackElo "1675"]
[TimeControl "180+1"]
[EndTime "15:56:09 PDT"]
[Termination "protectiago won on time"]

1. d4 Nf6 2. c4 c5 3. d5 b5 4. cxb5 a6 5. bxa6 Bxa6 6. g3 g6 7. Bg2 d6 8. Nf3 Bg7 9. Nc3 O-O 10. O-O Nbd7 11. Qc2 Qa5 12. Rd1 Rfb8 13. Rb1 Bc4 14. b3 Ba6 15. Bd2 Qc7 16. e4 Ng4 17. h3 Nge5 18. Bg5 f6 19. Be3 c4 20. Nd4 Nc5 21.
b4 Ncd3 22. f4 Nxb4 23. Rxb4 Rxb4 24. fxe5 fxe5 25. Ne6 Qb7 26. Nxg7 Kxg7 27. Qc1 h5 28. Rf1 Rb2 29. Bh6+ Kg8 30. Qg5 Qa7+ 31. Kh1 e6 32. Qxg6+ Kh8 33. Rf7 Qxf7 34. Qxf7 Rg8 35. dxe6 Bc8 36.
Bf8 Rxg3 37. Qxh5+ Kg8 38. Qf7+ Kh8 39. e7 Bd7 40.
e8=Q Bxe8 41. Qxe8 1-0

[Event "Late-Titled-Tuesday-Blitz-June-18-2024"]
[Site "Chess.com"]
[Date "2024.06.18"]
[Round "10"]
[White "Bykov_Egor"]
[Black "EternalNight8"]
[Result "1-0"]
[WhiteElo "2626"]
[BlackElo "2399"]
[TimeControl "180+1"]
[EndTime "15:56:11 PDT"]
[Termination "Bykov_Egor won on time"]

1. e4 c5 2. c3 Nf6 3. e5 Nd5 4.
d4 Nc6 5. Nf3 cxd4 6. Bc4 Nb6 7.
Bb3 d5 8. exd6 Qxd6 9. O-O dxc3 10. Qe2 e6 11. Nxc3 a6 12. Be3 Qc7 13. Ng5 h6 14.
Nxe6 Bxe6 15. Bxe6 fxe6 16. Bxb6 Qxb6 17. Qxe6+ Be7 18. Nd5 Qd8 19. Rad1 Rf8 20. Rfe1 Qc8 21. Qg6+ Rf7 22. Nb6 Qb8 23. Re4 Qa7 24. Rf4 Bf6 25.
Nxa8 Qxa8 26. Qh7 Ne7 27. Re4 Qa7 28. Re2 Qb6 29. Qe4 Kf8 30. g3 g6 31. Qe3 Qxe3 32.
fxe3 Kg7 33. b3 Bg5 34. e4 Nc6 35. e5 Re7 36. Rd5 Kf7 37. Kg2 Ke6 38. Rd6+ Kf7 39. Rd5 Ke6 40. Rd6+ Kf5 41. h4 Bd2 42. Rf6+ 1-0

[Event "Late-Titled-Tuesday-Blitz-June-18-2024"]
[Site "Chess.com"]
[Date "2024.06.18"]
[Round "10"]
[White "dolynachess"]
[Black "cthulhuuu"]
[Result "0-1"]
[WhiteElo "2528"]
[BlackElo "2406"]
[TimeControl "180+1"]
[EndTime "15:56:12 PDT"]
[Termination "cthulhuuu won on time"]

1. d4 Nf6 2. c4 e5 3. dxe5 Ng4 4. Bf4 Nc6 5. Nf3 Bb4+ 6. Nbd2 Qe7 7. a3 Ncxe5 8.
Nxe5 Nxe5 9. e3 Bc5 10. b4 Bd4 11. Rc1 d6 12. Be2 Ng6 13. Bg3 Be5 14. O-O h5 15. Bxh5 Bxg3 16. hxg3 Qg5 17. Bxg6 Qxg6 18. Qe2 Bf5 19.
e4 Be6 20. Qe3 Qh5 21. f3 Qh2+ 22. Kf2 Rh3 23. Qg5 Kd7 24. Qxg7 Rah8 25. c5 d5 26.
exd5 Bxd5 27. Rcd1 c6 28. Ne4 Kc8 29. Nd6+ Kb8 30.
Rxd5 cxd5 31. b5 R3h7 32. Qe5 Ka8 33. c6 f6 34. cxb7+ Kb8 35. Nc4+ fxe5 36. Nxe5 Kxb7 37. Ng4 Qh5 38. Rd1 Rf7 39. Ne3 Qh2 0-1

[Event "Late-Titled-Tuesday-Blitz-June-18-2024"]
[Site "Chess.com"]
[Date "2024.06.18"]
[Round "10"]
[White "marvinguevara"]
[Black "PhileKhoob"]
[Result "1-0"]
[WhiteElo "2182"]
[BlackElo "2340"]
[TimeControl "180+1"]
[EndTime "15:56:15 PDT"]
[Termination "marvinguevara won on time"]

1. e4 c6 2. d4 d5 3. exd5 cxd5 4. c4 Nf6 5. Nc3 e6 6. c5 b6 7. b4 a5 8. Na4 Nbd7 9. Bb5 Ba6 10. Bc6 Rc8 11.
b5 Rxc6 12. bxc6 Nb8 13. Nxb6 Nxc6 14. Qa4 Qc7 15. Nf3 Nd7 16. Bd2 Nxb6 17. cxb6 Qxb6 18.
Rc1 Bb5 19. Qb3 Nb4 20. Kd1 Nd3 21. Rb1 Nxf2+ 22. Ke1 Nd3+ 23. Qxd3 Bxd3 24. Rxb6 Kd7 25. Rb8 Kc7 26. Ra8 Kb7 27. Rxa5 Bd6 28. Kf2 Rc8 29. Rc1 Rxc1 30. Bxc1 Bb4 31. Ra4 Bd6 32. Bd2 Bb5 33.
Ra5 Kb6 34. Ne5 f6 35. Nf7 Bc7 36. Ra8 Kb7 37. Rh8 e5 38. Rxh7 exd4 39. Rxg7 d3 40. Nd6+ Kc6 41. Nxb5 Bb6+ 42. Be3 d2 43. Ke2 1-0

[Event "Late-Titled-Tuesday-Blitz-June-18-2024"]
[Site "Chess.com"]
[Date "2024.06.18"]
[Round "10"]
[White "arctic_t00"]
[Black "K-Nygren"]
[Result "1-0"]
[WhiteElo "2707"]
[BlackElo "2542"]
[TimeControl "180+1"]
[EndTime "15:56:17 PDT"]
[Termination "arctic_t00 won on time"]

1. Nf3 Nf6 2. c4 c5 3. Nc3 d5 4.
cxd5 Nxd5 5. e3 Nc6 6. Bc4 Nc7 7.
O-O e6 8. d4 Be7 9. a3 O-O 10.
dxc5 Bxc5 11. b4 Bb6 12. Bb2 Qe7 13. Qc2 e5 14. h3 Be6 15. Bd3 f5 16. b5 Na5 17. e4 fxe4 18. Bxe4 h6 19. Nxe5 Bb3 20.
Qe2 Rae8 21. Ng6 Qc5 22. Nxf8 Rxf8 23. Bd3 Ne6 24. Ne4 Qe7 25. Be5 Bd4 26. Bd6 Qh4 27.
Bxf8 Nf4 28. Qg4 Qxg4 29. hxg4 Nxd3 30. Rad1 Bxd1 31. Rxd1 Nf4 32. Kf1 Bb2 33. Rd8 Kf7 34. Bb4 Nc4 35. Rd7+ Ke6 36. Rxb7 g5 37. Rxa7 Kd5 38. Rd7+ Kxe4 39. a4 Bd4 40. a5 Nd3 41.
f3+ 1-0

[Event "Late-Titled-Tuesday-Blitz-June-18-2024"]
[Site "Chess.com"]
[Date "2024.06.18"]
[Round "10"]
[White "AldokhinIvan"]
[Black "IMRosen"]
[Result "0-1"]
[WhiteElo "2660"]
[BlackElo "2764"]
[TimeControl "180+1"]
[EndTime "15:56:18 PDT"]
[Termination "IMRosen won on time"]

1. e4 c5 2. Nf3 Nc6 3. d4 cxd4 4. Nxd4 g6 5. Nc3 Bg7 6. Be3 Nf6 7. Bc4 O-O 8. Bb3 Re8 9. O-O d6 10. h3 Na5 11. f4 b6 12. e5 Nxb3 13. axb3 dxe5 14. fxe5 Nd5 15. Qf3 Nxe3 16. Qxe3 Bb7 17. Rad1 Qc7 18. Ncb5 Qxe5 19. Rfe1 Qxe3+ 20. Rxe3 Rad8 21. Red3 a6 22. Nc3 e5 23. Nde2 Rxd3 24. Rxd3 Bf8 25. Rd7 Bc8 26. Rc7 Be6 27. Ne4 Be7 28. N2c3 f5 29.
Rc6 Kf7 30. Nd6+ Bxd6 31. Rxd6 Rb8 32. Rc6 Ke7 33. Rc7+ Bd7 34. Ra7 a5 35. Kf2 Kd6 36. g3 h6 37. Ke3 g5 38. h4 f4+ 39. gxf4 exf4+ 40. Kd4 g4 41. Ne4+ Ke7 42. Ke5 Rf8 43.
Nc3 Rf5+ 44. Ke4 f3 45. Nd5+ Rxd5 46. Kxd5 f2 47. Ke5 f1=Q 0-1

[Event "Late-Titled-Tuesday-Blitz-June-18-2024"]
[Site "Chess.com"]
[Date "2024.06.18"]
[Round "10"]
[White "Viktor_Poddubnyi"]
[Black "BillCoe"]
[Result "1-0"]
[WhiteElo "2339"]
[BlackElo "2106"]
[TimeControl "180+1"]
[EndTime "15:56:18 PDT"]
[Termination "Viktor_Poddubnyi won on time"]

1. e4 c5 2. Nf3 e6 3. c3 d5 4.
exd5 Qxd5 5. d4 Nf6 6. Be2 Be7 7. O-O O-O 8. c4 Qd8 9. Nc3 cxd4 10. Nxd4 a6 11.
Bf4 Bd7 12. Bf3 Nc6 13. Nxc6 Bxc6 14. Bxc6 bxc6 15. Qf3 Qd4 16. b3 Bd6 17. Bg5 Qg4 18. Qxg4 Nxg4 19. h3 Be5 20. hxg4 Bxc3 21. Rad1 f6 22.
Rd3 Be5 23. Be3 Rfd8 24. Rfd1 Rxd3 25. Rxd3 Kf7 26. Rd7+ Kg6 27. f4 Bc3 28. Rd6 e5 29. f5+ Kf7 30. Rxc6 Rd8 31. Rxa6 Rd1+ 32. Kf2 Be1+ 33.
Ke2 Rb1 34. Ra7+ Kg8 35. c5 Bb4 36. c6 Rb2+ 37. Kd3 Bd6 38. Rd7 e4+ 39. Kxe4 Be5 40. Bc5 g5 41. Bd6 1-0

[Event "Late-Titled-Tuesday-Blitz-June-18-2024"]
[Site "Chess.com"]
[Date "2024.06.18"]
[Round "10"]
[White "Igor_Lysyj"]
[Black "HamedWafa4"]
[Result "1-0"]
[WhiteElo "2844"]
[BlackElo "2655"]
[TimeControl "180+1"]
[EndTime "15:56:19 PDT"]
[Termination "Igor_Lysyj won on time"]

1. d4 Nf6 2. c4 e6 3. Nf3 Bb4+ 4.
Bd2 Be7 5. g3 O-O 6. Bg2 d5 7.
O-O c6 8. Qc2 Nbd7 9. b3 b6 10.
Rd1 Bb7 11. Bc3 Ne4 12. Ne5 Nxe5 13. Bxe4 dxe4 14. dxe5 Qc7 15. Qxe4 c5 16. Qe3 h6 17. Nd2 Bg5 18. f4 Be7 19. Nf3 Rad8 20. h4 Rxd1+ 21. Rxd1 Rd8 22. Rd3 Rxd3 23. Qxd3 h5 24. Kf2 g6 25. e4 Qc6 26. Ke3 a6 27. a4 Kh7 28. Nd2 a5 29. Kf3 Kg8 30. Kg2 Bf8 31. Kh3 Be7 32. g4 hxg4+ 33. Kxg4 Kg7 34. Kh3 Kh7 35. Kg3 Kg8 36. Kg4 Kh7 37. h5 gxh5+ 38. Kxh5 Qe8 39. Kg4 Qg8+ 40. Kf3 Bc6 41. Qf1 Qg6 42.
Qh3+ Kg7 43. Qg4 Qxg4+ 44. Kxg4 Bd8 45. f5 Bc7 46. Kf4 f6 47. Nf1 Kf7 48. Ne3 exf5 49. exf5 Bb7 50. Nd5 Bxd5 51. cxd5 1-0

[Event "Late-Titled-Tuesday-Blitz-June-18-2024"]
[Site "Chess.com"]
[Date "2024.06.18"]
[Round "10"]
[White "szefru"]
[Black "Artem_Koval"]
[Result "1-0"]
[WhiteElo "2379"]
[BlackElo "2561"]
[TimeControl "180+1"]
[EndTime "15:56:19 PDT"]
[Termination "szefru won on time"]

1. e4 c5 2. Nf3 d6 3. d4 cxd4 4.
Qxd4 Nc6 5. Bb5 Bd7 6. Qd3 Nf6 7. c4 g6 8. Nc3 Bg7 9. O-O O-O 10. h3 Rc8 11. Be3 a6 12. Bxc6 Bxc6 13. b4 b5 14. cxb5 axb5 15. Nd4 Bb7 16. Ndxb5 d5 17.
e5 Ne4 18. Bd4 e6 19. f3 Ng3 20. Rfe1 Nf5 21. Bc5 Re8 22. g4 Nh4 23. Nd6 d4 24. Nxb7 Qc7 25. Nd6 dxc3 26. Nxe8 Rxe8 27. Qxc3 Rd8 28.
Rad1 Rxd1 29. Rxd1 Bxe5 30. Qe3 Bf4 31. Qd3 Bg5 32. Bf2 Qb7 33. Bxh4 Bxh4 34. Qe4 Qc7 35. f4 Bg3 36. f5 g5 37. fxe6 fxe6 38. Qxe6+ Kf8 39.
Rf1+ Bf4 40. Rd1 Qa7+ 41. Kh1 Qb7+ 42. Qd5 Qxb4 43. Qd8+ Kf7 44. Rd7+ Ke6 45. Qe8+ Kf6 46. Rf7+ Kg6 47. Rxf4+ 1-0

[Event "Late-Titled-Tuesday-Blitz-June-18-2024"]
[Site "Chess.com"]
[Date "2024.06.18"]
[Round "10"]
[White "JG1me"]
[Black "ameetghasi100"]
[Result "1-0"]
[WhiteElo "2583"]
[BlackElo "2734"]
[TimeControl "180+1"]
[EndTime "15:56:20 PDT"]
[Termination "JG1me won on time"]

1. e4 g6 2. d4 d6 3. Nc3 a6 4.
Be3 b6 5. Qd2 Bb7 6. O-O-O Nd7 7. h4 h5 8. f3 b5 9. g4 Ngf6 10. g5 Nh7 11. Nh3 Bg7 12. Bd3 c5 13. dxc5 dxc5 14. Nf4 e6 15. Nxb5 axb5 16. Bxb5 Nf8 17.
Bxc5 Rxa2 18. c3 Bc8 19. Qd6 Ra5 20. Bb6 Rxb5 21. Bxd8 Kxd8 22. Qc6 Rb7 23. Nd3 Rc7 24. Qd6 f6 25. gxf6 Bxf6 26. Ne5 Bxe5 27. Qxe5 Rh7 28. Qd6 Rf7 29. f4 Rc4 30. Rhe1 Ke8 31. f5 gxf5 32.
exf5 e5 33. f6 Ng6 34. Qe6+ Kf8 35. Qxc4 Nb6 36. Qc5+ Kg8 37. Qxb6 Bg4 38. Qd8+ Kh7 39. Rd6 e4 40. Rxe4 Bf5 41. Re7 Nxe7 42. fxe7 Bg6 43.
e8=Q Rf1+ 44. Rd1 Bxe8 45. Rxf1 Bg6 46. Qe7+ 1-0

[Event "Late-Titled-Tuesday-Blitz-June-18-2024"]
[Site "Chess.com"]
[Date "2024.06.18"]
[Round "10"]
[White "ninjatrick"]
[Black "nitpicker"]
[Result "1-0"]
[WhiteElo "2473"]
[BlackElo "2344"]
[TimeControl "180+1"]
[EndTime "15:56:25 PDT"]
[Termination "ninjatrick won on time"]

1. e4 c5 2. Nf3 Nc6 3. d4 cxd4 4. Nxd4 Nf6 5. Nc3 d6 6. Bg5 Qb6 7. Nb3 e6 8. f3 a6 9. Qd2 Be7 10. O-O-O Qc7 11. Kb1 b5 12. Bf4 Ne5 13. g4 O-O 14. g5 Nh5 15. Bxe5 dxe5 16. Ne2 Rd8 17. Qe1 Rxd1+ 18.
Qxd1 Bxg5 19. Bh3 Bb7 20. Qg1 h6 21. Bg4 Nf4 22. Nxf4 Bxf4 23. Qg2 Rd8 24. Rg1 g6 25. Bxe6 Kg7 26. Bf5 Rd6 27. h4 h5 28. Qf2 a5 29.
Nc5 Rd2 30. Rxg6+ fxg6 31. Qg1 Qf7 32. Ne6+ Kf6 33. Nxf4 exf4 34. Qg5+ Kg7 35. Qg1 Qf6 36. a3 Qd6 37. Qa7 Rd1+ 38. Ka2 Qc7 39. Be6 Rd6 40. Bb3 a4 41. Qf2 Rf6 42. e5 Qxe5 43. Qa7 Qc7 44. Qd4 1-0

[Event "Late-Titled-Tuesday-Blitz-June-18-2024"]
[Site "Chess.com"]
[Date "2024.06.18"]
[Round "10"]
[White "urano56"]
[Black "zverr1"]
[Result "0-1"]
[WhiteElo "2408"]
[BlackElo "2545"]
[TimeControl "180+1"]
[EndTime "15:56:27 PDT"]
[Termination "zverr1 won by checkmate"]

1. Nf3 g6 2. c4 Nf6 3. Nc3 c5 4. d4 cxd4 5. Nxd4 Nc6 6. e4 Nxd4 7. Qxd4 d6 8. Be3 Bg7 9. f3 O-O 10. Qd2 Be6 11. Be2 Rc8 12. b3 d5 13. exd5 Nxd5 14. Bd4 Nf4 15. Bxg7 Nxg2+ 16. Kd1 Kxg7 17. Nd5 Bxd5 18. cxd5 Qb6 19. Bd3 Qd4 20. Rb1 Qxd5 21. Be4 Qxd2+ 22. Kxd2 Rfd8+ 23. Ke2 Nf4+ 24. Ke3 Nd5+ 25.
Bxd5 Rxd5 26. Rhc1 Rxc1 27. Rxc1 Rd7 28. b4 g5 29. b5 f5 30. Rc5 Kf6 31. a4 h5 32. a5 e5 33. a6 bxa6 34. Rc6+ Ke7 35. bxa6 Rd4 36. Rc7+ Kf6 37. Rxa7 f4+ 38. Ke2 e4 39.
fxe4 Rxe4+ 40. Kf2 Ra4 41. Ra8 Kg7 42. Kf3 g4+ 43. Kf2 Ra2+ 44. Kg1 h4 45. a7 h3 46. Kf1 g3 47. hxg3 fxg3 48. Ke1 g2 49. Rh8 g1=Q# 0-1

[Event "Late-Titled-Tuesday-Blitz-June-18-2024"]
[Site "Chess.com"]
[Date "2024.06.18"]
[Round "10"]
[White "Inepton_Fermion"]
[Black "ChEsper99"]
[Result "1-0"]
[WhiteElo "2395"]
[BlackElo "2250"]
[TimeControl "180+1"]
[EndTime "15:56:27 PDT"]
[Termination "Inepton_Fermion won by resignation"]

1. Nf3 g6 2. b3 Bg7 3. d4 d5 4.
Bb2 Nf6 5. e3 O-O 6. Be2 c6 7.
O-O Ne4 8. c4 Bg4 9. Nbd2 Nxd2 10. Qxd2 Bxf3 11. Bxf3 e6 12. Rad1 Nd7 13. e4 Nf6 14. e5 Nd7 15. cxd5 cxd5 16. Ba3 Re8 17. Rc1 Rc8 18. Rxc8 Qxc8 19. Rc1 Qd8 20. Bd6 Bf8 21.
Qb4 Bxd6 22. Qxd6 Nb6 23. Rc7 Qb8 24. Be2 Rc8 25. Rc5 Qxd6 26. exd6 Rd8 27. Rc7 Rxd6 28. Rxb7 Rd7 29. Rxd7 Nxd7 30. Kf1 f6 31. Ke1 e5 32. Kd2 Kf7 33. Kc3 Ke6 34. b4 Kd6 35.
a4 Nb6 36. a5 Nd7 37. b5 h5 38. h4 e4 39. Kb4 f5 40. g3 Ke6 41. Bd1 Kd6 42. Ba4 Nb8 43. b6 axb6 44. axb6 Nc6+ 45.
Bxc6 Kxc6 46. b7 Kxb7 47. Kc5 Kc7 48. Kxd5 Kd7 49. Ke5 Ke7 50. d5 Kd7 51. Kf6 Kd6 52. Kxg6 Kxd5 53. Kxf5 Kd4 54. Kf4 Kd5 55. Kg5 Kd4 56.
Kxh5 Kd3 57. Kg4 Ke2 58. Kf4 Kxf2 59. Kxe4 Kxg3 60. h5 1-0